Map: Frozen Temple

Players

Fropez

  • Race: Protoss Protoss
  • League: Silver
  • Spawn Location: 5:00

ThorRush - Winner!

  • Race: Terran Terran
  • League: Silver
  • Spawn Location: 11:00

VOD

Have the link to the VOD?

Description

Time

  • Played on: May 17, 2016, 6:36 p.m.
  • Length: 6:14
Show
View Real Time Build Order
Export as new Build Order

Fropez Protoss 

Build Orders:  

Get SALT Encoding   

  12  0:14  Pylon  
  12  0:34  Gateway  
  12  0:40  Gateway  
  12  0:49  Probe (Chrono Boost)  
  13  0:54  Assimilator  
  13  1:00  Probe (Chrono Boost)  
  14  1:05  Assimilator  
  14  1:30  Cybernetics Core  
  14  1:33  Probe (Chrono Boost)  
  15  1:43  Probe (Chrono Boost)  
  17  1:54  Probe (Chrono Boost)  
  17  2:06  Adept x2  
  21  2:10  Mothership Core (Chrono Boost)  
  21  2:14  Warp Gate (Chrono Boost)  
  23  2:26  Pylon  
  23  2:44  Probe  
  24  2:52  Adept x2  
  28  3:19  Adept  
  30  3:27  Pylon  
  30  3:35  Probe  
  31  3:45  Adept  
  27  4:55  Pylon  
  27  4:57  Pylon  
  21  5:15  Gateway  
  21  5:19  Gateway  
  21  5:21  Gateway  
  21  5:22  Zealot  
  21  5:24  Zealot  
  23  5:39  Pylon  
  23  5:55  Gateway  
  23  5:56  Probe  
  23  5:59  Gateway  
Show
View Real Time Build Order
Export as new Build Order

ThorRush Terran - Winner!

Build Orders: 1/1/1 

Get SALT Encoding   

  12  0:01  SCV  
  13  0:13  SCV  
  14  0:22  Supply Depot  
  14  0:28  SCV, Refinery  
  15  0:44  SCV  
  15  0:47  Barracks  
  16  0:55  Refinery  
  16  1:02  SCV  
  17  1:18  Supply Depot  
  18  1:23  SCV  
  18  1:34  Factory  
  18  1:44  Orbital Command  
  18  1:58  Marine  
  19  2:12  SCV  
  20  2:18  Armory  
  20  2:19  Marine  
  21  2:28  Starport  
  21  2:33  SCV  
  22  2:37  Marine  
  23  2:45  Supply Depot  
  23  2:47  SCV  
  24  2:54  Factory Tech Lab  
  25  3:11  Thor  
  30  3:26  SCV  
  31  3:34  Starport Tech Lab  
  31  3:38  SCV  
  30  3:54  Banshee  
  31  4:33  Cloaking Field  
  31  4:34  SCV  
  27  5:19  Banshee  
  30  5:25  SCV  
  31  5:37  SCV  
  32  5:52  SCV  
Tags
 
Matchup
PvT
Opening
1/1/1
Replay Pack
All Mines
Spawn Locations
Cross Positions
Add a new tag
Caveats
  • Supply blocks, unpowered buildings, or Contaminate may cause inaccurate times.
  • Supply counts are checked every 10 seconds.